 Dungeon Crawl Stone Soup version 0.22-a0-278-g8f80174 (webtiles) character file.

42 Firecrotchwizard the Skirmisher (level 3, 0/33 HPs)
             Began as a Hill Orc Fighter on Mar 15, 2018.
             Succumbed to Ijyb's poison
             ... on level 2 of the Dungeon.
             The game lasted 00:01:47 (970 turns).

Firecrotchwizard the Skirmisher (Hill Orc Fighter)   Turns: 970, Time: 00:01:48

Health: 0/33       AC:  6    Str: 18    XL:     3   Next: 56%
Magic:  3/3        EV:  7    Int:  8    God:
Gold:   102        SH:  9    Dex: 11    Spells: 2/2 levels left

rFire    . . .     SeeInvis .   a - +0 war axe
rCold    . . .     Gourm    .   c - +0 shield
rNeg     . . .     Faith    .   b - +0 scale mail
rPois    .         Spirit   .   (no helmet)
rElec    .         Reflect  .   (no cloak)
rCorr    .         Harm     .   (no gloves)
MR       .....                  (no boots)
Stlth    ..........             (no amulet)
HPRegen  0.11/turn              (no ring)
MPRegen  0.08/turn              (no ring)

@: lethally poisoned (0 -> -52)
A: no striking features
a: no special abilities


You were on level 2 of the Dungeon.
You were not hungry.

You visited 1 branch of the dungeon, and saw 2 of its levels.

You collected 102 gold pieces.

Inventory:

Hand Weapons
 a - a +0 war axe (weapon)
Missiles
 m - 5 tomahawks (quivered)
Armour
 b - a +0 scale mail (worn)
 c - a +0 shield (worn)
 n - a cursed +0 plate armour
   (You found it on level 1 of the Dungeon)
Scrolls
 h - a scroll of fog {unknown}
 i - 2 scrolls of blinking {unknown}
 k - a scroll of magic mapping {unknown}
 l - a scroll of remove curse {unknown}
Potions
 d - a potion of might
 e - a potion of agility {unknown}
 j - a potion of lignification {unknown}
Comestibles
 f - 4 rations {@e1}
 g - a chunk of flesh {@w0}


   Skills:
 + Level 4.1 Fighting
 * Level 4.1 Axes
 - Level 3.2 Armour
 + Level 3.7 Shields


You had 2 spell levels left.
You didn't know any spells.

Dungeon Overview and Level Annotations

Branches:
Dungeon (2/15)

Altars:

Annotations:
D:2 Ijyb


Message History

No target in view!
You butcher the jackal corpse.
g - a chunk of flesh {@w0} A hobgoblin comes into view.
It is wielding a club.
The hobgoblin shouts!
Throwing (i - inventory)
m - 5 tomahawks (quivered)
Aim: a hobgoblin, wielding a club You throw a tomahawk.
The tomahawk closely misses the hobgoblin.
A dart slug comes into view.
Throwing (i - inventory)
m - 4 tomahawks (quivered)
Aim: a hobgoblin, wielding a club You throw a tomahawk.
The tomahawk hits the hobgoblin.
You slash the hobgoblin!
You kill the hobgoblin!
Your Axes skill increases to level 4!
Throwing (i - inventory)
m - 3 tomahawks (quivered)
Aim: a dart slug (clinging)
You throw a tomahawk. The tomahawk hits the dart slug.
A ball python comes into view.
You hit the dart slug.
You kill the dart slug!
Throwing (i - inventory)
m - 2 tomahawks (quivered)
Aim: a ball python You throw a tomahawk.
The tomahawk closely misses the ball python.
Throwing (i - inventory)
m - a tomahawk (quivered)
Aim: a ball python You throw a tomahawk.
The tomahawk hits the ball python!
You kill the ball python!
No target in view!
No target in view!
You see here a club.
m - 2 tomahawks
m - 3 tomahawks (gained 1)
You now have 87 gold pieces (gained 11).
m - 5 tomahawks (gained 2)
You now have 93 gold pieces (gained 6).
f - 4 rations {@e1} (gained 1)
Found a stone staircase leading down.
You now have 102 gold pieces (gained 9). 2 goblins come into view.
The goblin shouts!
You hear a shout!
There are monsters nearby!
All monsters which could be auto-targeted are covered by a wall or statue which interrupts your line of fire, even though it doesn't interrupt your line of sight.
Throwing (i - inventory)
m - 5 tomahawks (quivered)
Your line of fire to the goblin is blocked by a granite statue.
Continue anyway? [Y]es or [N]o only, please.
Your line of fire to the goblin is blocked by a granite statue.
Continue anyway?
Okay, then.
Ijyb the Twisted Goblin comes into view.
She is wielding a dagger of venom.
You start waiting.
You closely miss the goblin. You block the goblin's attack.
You hit the goblin.
You kill the goblin!
You hit Ijyb. Ijyb hits you but does no damage.
You are poisoned.
Your shield prevents you from hitting Ijyb.
You feel sick. Ijyb hits you but does no damage.
You are more poisoned.
You take 2 damage, and have 31/33 hp.
You miss Ijyb.
You feel sick. Ijyb hits you but does no damage.
You are more poisoned.
You take 1 damage, and have 30/33 hp.
You closely miss the goblin. You completely miss Ijyb.
You feel very sick. You block the goblin's attack. You block Ijyb's attack.
You take 2 damage, and have 28/33 hp.
You hit the goblin.
You kill the goblin!
You barely miss Ijyb.
You feel sick. Ijyb hits you with a dagger of venom.
You are lethally poisoned!
You take 5 damage, and have 23/33 hp.
You feel very sick.
Ijyb screams, "Level is mine!
All mine!"
Ijyb hits you but does no damage.
You are more poisoned.
Things that are here:
a club; a hunting sling; 22 stones You take 3 damage, and have 20/33 hp.
You slash Ijyb!
You feel very sick. Ijyb hits you with a dagger of venom.
You are more poisoned.
You block Ijyb's attack.
You take 4 damage, and have 16/33 hp.
You barely miss Ijyb.
You feel very sick. Ijyb hits you with a dagger of venom.
You are more poisoned.
You take 6 damage, and have 10/33 hp.
You closely miss Ijyb.
* * * LOW HITPOINT WARNING * * *
You feel very sick. Ijyb hits you but does no damage.
You are more poisoned.
A goblin comes into view. It is wielding a club.
You take 5 damage, and have 5/33 hp.
You miss Ijyb.
You die...

#......#.#
#.#.####.#
#.#......#
#.#..#####
#.#..#
##.#..#####
#.......>.#
#..#..###.#
#..#@g###
#...#...#
#...#.#.#
#...#####
#...8
#.....
##.g.g.
#......
#.....g.


You could see Ijyb and a goblin.

Vanquished Creatures
  An ooze (D:1)
  4 dart slugs
  5 goblins
  5 hobgoblins
  4 jackals (D:2)
  A ball python (D:2)
  3 bats (D:1)
  2 frilled lizards (D:1)
  2 kobolds (D:1)
  3 rats (D:1)
30 creatures vanquished.

Notes
Turn   | Place    | Note
-------+----------+-------------------------------------------
     0 | D:1      | Firecrotchwizard the Hill Orc Fighter began the quest for the Orb.
     0 | D:1      | Reached XP level 1. HP: 19/19 MP: 1/1
    97 | D:1      | Reached skill level 3 in Axes
    97 | D:1      | Reached XP level 2. HP: 19/27 MP: 2/2
   441 | D:1      | Reached skill level 4 in Fighting
   458 | D:1      | Reached XP level 3. HP: 33/33 MP: 3/3
   902 | D:2      | Reached skill level 4 in Axes
   953 | D:2      | Noticed Ijyb
   969 | D:2      | HP: 5/33 [poisoned by Ijyb]
   970 | D:2      | Succumbed to Ijyb's poison

Vault maps used:
D:1:      wheals_arrival_shading
D:2:      kennysheep_the_goblin_king, nicolae_overflow_hidden_temple,
          uniq_sigmund

Skill      XL: |  1  2  3 |
---------------+----------+-----
Axes           | 3 4 |  4.1
Fighting       | 4 |  4.1
Armour         | |  3.2
Shields        | |  3.7

Action                   || total
-------------------------++-------
Melee: War axe           ||    77
Throw: Tomahawk          ||     5
Armor: Scale mail        ||    35
Dodge: Dodged            ||    16
Block: Shield            ||    29

Table legend:
 A = Spawn XP
 B = Non-spawn XP
 C = Spawn XP percentage of total XP
 D = Spawn monster count
 E = Non-spawn monster count
 F = Spawn count percentage of total count
 G = Total turns spent on level
                    A         B        C        D         E        F      G
               +---------+---------+-------+---------+---------+-------+---------
         Total |       0 |      61 |   0.0 |       0 |      30 |   0.0 |   970
               +---------+---------+-------+---------+---------+-------+---------
           D:1 |       0 |      43 |   0.0 |       0 |      21 |   0.0 |   885
           D:2 |       0 |      18 |   0.0 |       0 |       9 |   0.0 |    85
               +---------+---------+-------+---------+---------+-------+---------

Vault maps used:
D:1:      wheals_arrival_shading
D:2:      kennysheep_the_goblin_king, nicolae_overflow_hidden_temple,
          uniq_sigmund

Table legend:
 A = Turns spent in this place as a percentage of turns spent in the entire game.
 B = Non-inter-level travel turns spent in this place as a percentage of non-inter-level travel turns spent in the entire game.
 C = Inter-level travel turns spent in this place as a percentage of turns spent in this place.
 D = Turns resting spent in this place as a percentage of non-inter-level travel turns spent in this place.
 E = Turns spent auto-exploring this place as a percentage of non-inter-level travel turns spent in this place.
 F = Non-inter-level travel turns spent in this place divided by the number of levels of this place that you've seen.
                   A       B       C       D       E      F
               +-------+-------+-------+-------+-------+----------------------
         Total | 100.0 | 100.0 |   3.9 |   9.0 |  73.4 | 466.0
       Dungeon | 100.0 | 100.0 |   3.9 |   9.0 |  73.4 | 466.0
               +-------+-------+-------+-------+-------+----------------------

Table legend:
 A = Kills in this place as a percentage of kills in entire the game.
 B = Kills by you in this place as a percentage of kills by you in the entire game.
 C = Kills by friends in this place as a percentage of kills by friends in the entire game.
 D = Other kills in this place as a percentage of other kills in the entire game.
 E = Experience gained in this place as a percentage of experience gained in the entire game.
 F = Experience gained in this place divided by the number of levels of this place that you have seen.
                   A       B       C       D       E      F
               +-------+-------+-------+-------+-------+----------------------
         Total | 100.0 | 100.0 |   N/A |   N/A | 100.0 |  30.5
       Dungeon | 100.0 | 100.0 |   N/A |   N/A | 100.0 |  30.5
               +-------+-------+-------+-------+-------+----------------------
